 Dungeon Crawl Stone Soup version 0.27-a0-1105-g946c659c87 (webtiles) character file.

Game seed: 10355624003678655140

1300 kae the Agent of Entropy (level 8, -2/62 HPs)
             Began as a Demonspawn Abyssal Knight on Apr 29, 2021.
             Was a Priest of Lugonu.
             Slain by a hornet (8 damage)
             ... on level 7 of the Dungeon.
             The game lasted 00:05:05 (8733 turns).

kae the Agent of Entropy (DsAK)                     Turns: 8733, Time: 00:05:06

Health: -2/62      AC:  6    Str: 21    XL:     8   Next: 31%
Magic:  12/12      EV: 13    Int: 13    God:    Lugonu [***...]
Gold:   465        SH:  5    Dex: 19    Spells: 7/7 levels left

rFire    . . .     SeeInvis .   a - +1 falchion
rCold    . . .     Faith    .   (no shield)
rNeg     . . .     Spirit   .   b - +1 leather armour
rPois    .         Reflect  +   (helmet restricted)
rElec    .         Harm     .   (no cloak)
rCorr    .         Rampage  .   (no gloves)
Will     .....                  (no boots)
Stlth    +.........             p - amulet of reflection
HPRegen  0.20/turn              r - +6 ring of dexterity
MPRegen  0.13/turn              h - +6 ring of strength

@: lethally poisoned (-2 -> -21), slowed, very slow
A: horns 2, yellow scales 1, powered by pain 1
a: Renounce Religion, Depart the Abyss, Bend Space, Banish


You were on level 7 of the Dungeon.
You worshipped Lugonu.
Lugonu was most pleased with you.
You visited 1 branch of the dungeon, and saw 7 of its levels.
You visited the Abyss 1 time.

You collected 465 gold pieces.

Inventory:

Hand Weapons
 a - a +1 falchion (weapon)
Armour
 b - a +1 leather armour (worn)
Jewellery
 f - a ring of wizardry
 h - a +6 ring of strength (right hand)
 j - a ring of see invisible
 m - a ring of wizardry
 p - an amulet of reflection (around neck)
 r - a +6 ring of dexterity (left hand)
Wands
 l - a wand of iceblast (8)
 o - a wand of paralysis (1)
 s - a wand of flame (22)
Scrolls
 n - a scroll of magic mapping
 q - a scroll of fog
Potions
 c - 5 potions of heal wounds
 d - a potion of magic
 e - 2 potions of experience
 g - 2 potions of brilliance {unknown}
 i - a potion of curing
 k - 2 potions of berserk rage


   Skills:
 + Level 5.0 Fighting
 * Level 5.6 Long Blades
 + Level 4.0 Armour
 + Level 3.7 Dodging
 + Level 5.9 Invocations


You had 7 spell levels left.
You didn't know any spells.
Your spell library contained the following spells:

 Spells                   Type           Power      Damage    Failure   Level
 Beastly Appendage        Tmut           0%         N/A       34%         1
 Wereblood                Tmut           0%         N/A       47%         2
 Confusing Touch          Hex            0%         N/A       71%         3
 Gell's Gravitas          Tloc           0%         N/A       71%         3
 Spider Form              Tmut/Pois      0%         N/A       71%         3
 Ice Form                 Ice/Tmut       0%         N/A       98%         4
 Petrify                  Tmut/Erth      0%         N/A       98%         4
 Hydra Form               Tmut           0%         N/A       100%        5
 Metabolic Englaciation   Hex/Ice        0%         N/A       100%        5
 Yara's Violent Unravell  Hex/Tmut       0%         3d3       100%        5


Dungeon Overview and Level Annotations

Branches:
Dungeon (7/15)
 Temple: D:4-7

Altars:
Cheibriados
Nemelex Xobeh
Okawaru
Sif Muna

Annotations:
D:4 2 transporters, senseless's ghost, amateur DjFE


Innate Abilities, Weirdness & Mutations

You have a pair of horns on your head.
You are partially covered in yellow scales. (AC +2)
You sometimes gain a little power by taking damage.


Message History

You hit the hornet but do no damage. You headbutt the hornet!
The hornet is heavily wounded.
You feel sick.
The helpless hornet fails to defend itself.
You hit the hornet.
The hornet is severely wounded.
You feel sick.
The helpless hornet fails to defend itself.
You hit the hornet but do no damage.
The hornet is severely wounded.
You feel sick.
You are no longer poisoned.
The helpless hornet fails to defend itself.
You hit the hornet but do no damage.
The hornet is severely wounded.
The helpless hornet fails to defend itself.
You hit the hornet.
The hornet is severely wounded.
The helpless hornet fails to defend itself.
You hit the hornet.
You headbutt the hornet, but do no damage.
The hornet is severely wounded.
The hornet is no longer paralysed.
The hornet stings you!
You feel yourself slow down. The hornet stings you!
You are poisoned.
You feel as though you will be slow longer.
You miss the hornet.
You headbutt the hornet, but do no damage.
The hornet is severely wounded.
You feel very sick. The hornet barely misses you.
You block the hornet's attack.
You hit the hornet but do no damage.
The hornet is severely wounded.
You feel very sick. The hornet stings you!
* * * LOW HITPOINT WARNING * * *
You are more poisoned.
You feel as though you will be slow longer.
The hornet stings you!
You die...

.#.##
#.###...#######
.#.#
#.....#........
.#.#
#######...#######
.#.# .........##
.#.# #######..#
.#.# #......#
.#.# #.###.## .#
#.# ## #@# #y#
#.# ..# ###


You could see a hornet.

Vanquished Creatures
  A water moccasin (D:6)
  An ogre (D:6)
  A centaur (D:7)
  A phantom (D:6)
  A bullfrog (D:7)
  4 scorpions
  2 howler monkeys (D:6)
  2 bullfrog zombies
  4 hounds
  2 bullfrog skeletons
  3 iguanas
  An orc wizard (D:7)
  6 gnolls
  7 adders
  A white imp (D:5)
  2 ufetubi (D:5)
  2 adder skeletons (D:4)
  A dart slug (D:2)
  3 worms
  4 orcs
  8 endoplasms
  4 giant cockroaches
  4 goblins
  4 hobgoblins
  8 jackals
  3 quokkas
  11 ball pythons
  6 bats
  4 frilled lizards
  4 kobolds
  5 rats
110 creatures vanquished.

Notes
Turn   | Place    | Note
-------+----------+-------------------------------------------
     0 | Abyss:1  | kae the Demonspawn Abyssal Knight began the quest for the
                  | Orb.
     0 | Abyss:1  | Reached XP level 1. HP: 18/18 MP: 2/2
   123 | Abyss:1  | Noticed an apocalypse crab
   125 | D:1      | Escaped the Abyss
   182 | D:1      | Reached skill level 1 in Dodging
   314 | D:1      | Gained mutation: You have a pair of small horns on your
                  | head. [demonic ancestry]
   314 | D:1      | Reached XP level 2. HP: 16/24 MP: 3/3
   451 | D:1      | Found a faded altar of an unknown god.
  1655 | D:2      | Gained mutation: You sometimes gain a little power by
                  | taking damage. [demonic ancestry]
  1655 | D:2      | Reached XP level 3. HP: 29/29 MP: 5/5
  2731 | D:2      | Reached XP level 4. HP: 29/35 MP: 6/6
  2987 | D:3      | Reached ** piety under Lugonu
  4191 | D:3      | Found a sparkling altar of Nemelex Xobeh.
  4218 | D:3      | Gained mutation: You are partially covered in yellow
                  | scales. (AC +2) [demonic ancestry]
  4218 | D:3      | Reached XP level 5. HP: 6/41 MP: 7/7
  4689 | D:4      | Found a transporter.
  4973 | D:4      | Found a shimmering blue altar of Sif Muna.
  5052 | D:4      | Gained mutation: You have a pair of horns on your head.
                  | [demonic ancestry]
  5052 | D:4      | Reached XP level 6. HP: 46/48 MP: 7/9
  5154 | D:4      | Found a snail-covered altar of Cheibriados.
  5217 | D:4      | Found a transporter.
  5218 | D:4      | Noticed senseless's ghost (amateur DjFE)
  5866 | D:5      | Entered Level 5 of the Dungeon
  6134 | D:5      | You fall into a shaft and drop 1 floor!
  6508 | D:5      | Reached XP level 7. HP: 30/54 MP: 10/10
  6839 | D:5      | Found an iron altar of Okawaru.
  6922 | D:6      | Found a glowing drain.
  6992 | D:6      | Reached *** piety under Lugonu
  7070 | D:6      | Reached skill level 5 in Invocations
  7279 | D:6      | Reached skill level 5 in Long Blades
  8043 | D:6      | Reached XP level 8. HP: 61/61 MP: 12/12
  8526 | D:7      | Reached skill level 5 in Fighting
  8579 | D:7      | Noticed a hornet
  8720 | D:7      | Paralysed by a hornet for 2 turns
  8733 | D:7      | Slain by a hornet

Illustrated notes

Levels and vault maps discovered:
D:1:      grunt_arrival_lava_bath, layout_loops_corners,
          ebering_ecumenical_altar_sacrificial, palyth_stone_intersect
D:2:      layout_basic, kennysheep_donut, minivault_19, item_on_display_a
D:3:      layout_basic, lemuel_tele_altar
D:4:      layout_loops_ring, slow_altar_2, old_standard_altar,
          gammafunk_ghost_mausoleum, glass_columns_a, minmay_joined_circles
D:5:      layout_cave_pools, kennysheep_mini_moat, wad_floor_pattern_1
D:6:      layout_gridville, portal_sewer_entry_d, roderic_roman_lattice,
          grunt_ministairs_13
D:7:      layout_loops_ring, jmf_multi_god_temple, minmay_temple_entry_wispy,
          minmay_unpleasant_kobolds

Skill      XL: |  1  2  3  4  5  6  7  8 |
---------------+-------------------------+-----
Dodging        | 1 2 3 |  3.7
Long Blades    | 2 3 4 5 |  5.6
Armour         | 2 3 4 |  4.0
Invocations    | 3 4 5 |  5.9
Fighting       | 4 5 |  5.0

Action                   |  1- 3 |  4- 6 |  7- 9 || total
-------------------------+-------+-------+-------++-------
Melee: Falchion          |    96 |   169 |   103 ||   368
       Headbutt          |     9 |    37 |    36 ||    82
Evoke: Wand              |       |       |     5 ||     5
  Use: Scroll            |     3 |     7 |     4 ||    14
       Potion            |       |     1 |       ||     1
 Stab: Sleeping          |     1 |       |       ||     1
       Paralysed         |       |       |    16 ||    16
Armor: Leather armour    |    20 |    35 |    18 ||    73
Dodge: Dodged            |    58 |   109 |    48 ||   215
Block: Other             |       |       |     7 ||     7
       Rpst.: Falchion   |    21 |    31 |    14 ||    66

Table legend: (Time is in decaauts)
 A = Elapsed time spent in this place.
 B = Non-inter-level travel time spent in this place.
 C = Inter-level travel time spent in this place.
 D = Time resting spent in this place.
 E = Time spent auto-exploring this place.
 F = Levels seen in this place.
 G = Mean time per level.
                   A        B        C        D        E       F      G
               +--------+--------+--------+--------+--------+-----+--------+
         Total |   8785 |   8603 |    182 |   1735 |   5889 |   8 | 1098.1 |
       Dungeon |   8660 |   8478 |    182 |   1629 |   5878 |   7 | 1237.1 |
         Abyss |    125 |    125 |      0 |    106 |     11 |   1 |  125.0 |
               +--------+--------+--------+--------+--------+-----+--------+

Top non-repeatable levels by time:
     D:6: 1697 daAuts
     D:1: 1601 daAuts
     D:3: 1478 daAuts
     D:2: 1436 daAuts
     D:4: 1327 daAuts
     D:5: 890 daAuts
     D:7: 227 daAuts
 Abyss:1: 125 daAuts
